 Dungeon Crawl Stone Soup version 0.30-a0-778-g2ef04afb54 (console) character file.

Game seed: 14494566180241791802

3833 jejorda2 the Spear-Bearer (level 10, -2/76 HPs)
             Began as a Merfolk Berserker on Feb 15, 2023.
             Was a Priest of Trog.
             Slain by a fire elemental (11 damage)
             ... summoned by a deep elf pyromancer
             ... on level 8 of the Dungeon.
             The game lasted 00:12:22 (6937 turns).

jejorda2 the Spear-Bearer (Merfolk Berserker)       Turns: 6937, Time: 00:12:23

Health: -2/76      AC: 19    Str: 22    XL:     10   Next: 18%
Magic:  10/10      EV: 10    Int:  7    God:    Trog [***...]
Gold:   438        SH:  0    Dex: 13    Spells: 9/9 levels left

rFire   . . .      SeeInvis .    b - +1 trident
rCold   . . .      Faith    .    (no shield)
rNeg    . . .      Spirit   .    l - +0 chain mail
rPois   +          Reflect  .    A - +0 helmet
rElec   .          Harm     .    (no cloak)
rCorr   .          Rampage  .    g - +2 pair of gloves
Will    .....                    n - +0 pair of boots Stlth
                                 (no amulet)
HPRegen 0.32/turn                E - ring of poison resistance
MPRegen 0.12/turn                c - +4 ring of protection

@: on berserk cooldown, slowed, very slow
A: (nimble swimmer 2), mertail
a: Renounce Religion, Berserk, Trog's Hand


You were on level 8 of the Dungeon.
You worshipped Trog.
Trog was most pleased with you.
You visited 1 branch of the dungeon, and saw 8 of its levels.

You collected 438 gold pieces.

Inventory:

Hand Weapons
 a - a +0 scythe
 b - a +1 trident (weapon)
Missiles
 m - 37 stones (quivered)
 p - 3 throwing nets
 s - 10 poisoned darts
 x - 6 javelins
 B - a boomerang
 C - a curare-tipped dart
 D - 5 silver javelins
Armour
 g - a +2 pair of gloves (worn)
 l - a +0 chain mail (worn)
 n - a +0 pair of boots (worn)
 A - a +0 helmet (worn)
Jewellery
 c - a +4 ring of protection (right hand)
 E - a ring of poison resistance (left hand)
Scrolls
 d - a scroll of butterflies {unknown}
 e - a scroll of enchant weapon
 j - 2 scrolls of vulnerability {unknown}
 o - 2 scrolls of blinking
 q - 6 scrolls of teleportation
 v - 2 scrolls of fear {unknown}
 y - a scroll of torment {unknown}
Potions
 f - 2 potions of invisibility
 h - 2 potions of resistance {unknown}
 i - a potion of flight
 k - a potion of heal wounds {unknown}
 r - 3 potions of lignification {unknown}
 t - 3 potions of attraction
 u - a potion of cancellation {unknown}
 w - 5 potions of curing
 z - a potion of magic {unknown}


   Skills:
 - Level 6.0 Fighting
 * Level 14.0 Polearms
 + Level 5.2 Throwing
 + Level 4.2 Armour
 - Level 6.0 Dodging


You had 9 spell levels left.
You didn't know any spells.
Your spell library was empty.

Dungeon Overview and Level Annotations

Branches:
Dungeon (8/15)             Temple (0/1) D:4
   Lair: D:8-11

Altars:
Cheibriados
Dithmenos
Elyvilon
Uskayaw
Vehumet
Xom
Lugonu

Shops:
D:8 :

Portals:
Abyss: D:4


Innate Abilities, Weirdness & Mutations

((You are very nimble when in or above water. (Stealth+, EV+, Speed+++)))
Your lower body shifts to a powerful aquatic tail in water.


Message History

You slice one of the five-headed hydra's heads off!
The four-headed hydra grows two more!
You puncture the six-headed hydra!
The six-headed hydra is lightly wounded.
The fire elemental barely misses you.
The deep elf pyromancer hits you but does no damage.
b - a +1 trident (weapon)
The six-headed hydra bites you but does no damage.
The six-headed hydra bites you.
The six-headed hydra barely misses you. x2
The six-headed hydra bites you but does no damage. x2
The fire elemental completely misses you.
You barely miss the six-headed hydra.
The six-headed hydra is lightly wounded.
The deep elf pyromancer casts a spell.
The fire elemental hits you. The fire elemental burns you!
The six-headed hydra bites you but does no damage. x3
The six-headed hydra closely misses you.
The six-headed hydra bites you.
* * * LOW HITPOINT WARNING * * *
The six-headed hydra bites you but does no damage.
You barely miss the six-headed hydra.
The six-headed hydra is lightly wounded.
The deep elf pyromancer hits you but does no damage.
You impale the six-headed hydra!!
The six-headed hydra is heavily wounded.
The fire elemental hits you. The fire elemental burns you!
* * * LOW HITPOINT WARNING * * *
The fire elemental hits you. The fire elemental burns you!
* * * LOW HITPOINT WARNING * * *
The six-headed hydra barely misses you. The six-headed hydra misses you.
The six-headed hydra bites you!
* * * LOW HITPOINT WARNING * * *
The six-headed hydra bites you but does no damage. x3
You puncture the six-headed hydra!
The six-headed hydra is severely wounded.
You are no longer berserk.
You are exhausted.
You feel as though you will be slow longer.
The fire elemental closely misses you. The fire elemental hits you.
The fire elemental burns you!
You die...

......∩...# #...#..........
..........### #...#..........
............# #...#...#......
......###...# #########......
......###...# ##.# #......
.......##...# ##...## #......
#......##...# ###..○...# ###...#
#......##...###EDEE.# #...#
#......##...#...@e# #....
#......#######..### #....
#......# ###.'...# #....
.......###...##..# ##....
....####......#...# #.....
....##.....#..##..# ####.....
....###..###.).#.... ###........
...## #...###..##...###....#.....
...#####..#.....#.###............


You could see a six-headed hydra, a deep elf pyromancer and 3 fire elementals.

Vanquished Creatures
  Pikel (D:7)
  A cyclops (D:8)
  Sigmund (D:6)
  A yak (D:8)
  2 steam dragons
  A water moccasin (D:8)
  An orc warrior (D:8)
  An ice beast (D:5)
  A sky beast (D:8)
  An ogre (D:6)
  5 centaurs
  2 kobold brigands (D:8)
  A phantom (D:5)
  3 scorpions
  A necrophage (D:5)
  3 wights (D:8)
  2 jellies
  3 killer bees (D:8)
  2 howler monkeys
  3 crimson imps (D:3)
  3 hounds
  A gnoll bouda (D:8)
  2 orc priests (D:5)
  An iron imp (D:3)
  2 iguanas
  5 orc wizards
  7 gnolls (D:6)
  5 adders
  2 shadow imps
  2 white imps
  An ufetubus (D:5)
  A worm (D:4)
  2 dart slugs
  19 orcs
  6 endoplasms
  5 giant cockroaches
  5 goblins
  3 hobgoblins (D:1)
  3 jackals (D:1)
  11 kobolds
  2 quokkas
  7 ball pythons
  3 bats
  4 frilled lizards
  5 rats
143 creatures vanquished.

Notes
Turn   | Place    | Note
-------+----------+-------------------------------------------
     0 | D:1      | jejorda2 the Merfolk Berserker began the quest for the Orb.
     0 | D:1      | Reached XP level 1. HP: 18/18 MP: 1/1
   291 | D:1      | Found a faded altar of an unknown god.
   350 | D:1      | Reached XP level 2. HP: 24/24 MP: 2/2
   962 | D:2      | Reached XP level 3. HP: 24/29 MP: 3/3
  1135 | D:2      | Found a radiant altar of Vehumet.
  1140 | D:2      | Reached skill level 5 in Polearms
  1150 | D:2      | Reached ** piety under Trog
  1713 | D:3      | Reached XP level 4. HP: 37/37 MP: 4/4
  1865 | D:3      | Found a snail-covered altar of Cheibriados.
  1878 | D:3      | Reached XP level 5. HP: 27/42 MP: 5/5
  2037 | D:3      | Found a shimmering altar of Xom.
  2051 | D:3      | Reached skill level 6 in Polearms
  2277 | D:4      | Found a staircase to the Ecumenical Temple.
  2287 | D:4      | Reached XP level 6. HP: 49/49 MP: 6/6
  2326 | D:4      | Found a white marble altar of Elyvilon.
  2703 | D:4      | Reached skill level 7 in Polearms
  2837 | D:4      | Found a large runed translucent door.
  2837 | D:4      | Found a large runed translucent door.
  2892 | D:4      | Found a one-way gate to the infinite horrors of the Abyss.
  3005 | D:4      | Found a corrupted altar of Lugonu.
  3055 | D:5      | Entered Level 5 of the Dungeon
  3111 | D:5      | Reached skill level 5 in Dodging
  3179 | D:5      | Noticed an ice beast
  3193 | D:5      | Killed an ice beast
  3194 | D:5      | Reached skill level 5 in Fighting
  3194 | D:5      | Reached XP level 7. HP: 56/56 MP: 7/7
  3224 | D:5      | Reached *** piety under Trog
  3225 | D:5      | Reached skill level 8 in Polearms
  3680 | D:5      | Reached skill level 9 in Polearms
  3794 | D:5      | Reached XP level 8. HP: 64/64 MP: 8/8
  4042 | D:6      | Reached skill level 10 in Polearms
  4271 | D:6      | Reached skill level 1 in Throwing
  4274 | D:6      | Noticed Sigmund
  4284 | D:6      | Killed Sigmund
  4285 | D:6      | Reached skill level 11 in Polearms
  4410 | D:6      | Reached XP level 9. HP: 61/69 MP: 9/9
  4973 | D:7      | Noticed Pikel
  5012 | D:7      | Killed Pikel
  5013 | D:7      | Reached skill level 12 in Polearms
  5927 | D:8      | Found a hide-covered altar of Uskayaw.
  6069 | D:8      | Found Pyppuss's Book Shoppe.
  6138 | D:8      | Reached skill level 13 in Polearms
  6269 | D:8      | Found a shadowy altar of Dithmenos.
  6870 | D:8      | Reached XP level 10. HP: 65/76 MP: 10/10
  6910 | D:8      | Noticed a deep elf pyromancer
  6910 | D:8      | Noticed a cyclops
  6917 | D:8      | Killed a cyclops
  6918 | D:8      | Reached skill level 5 in Throwing
  6921 | D:8      | Reached skill level 14 in Polearms
  6925 | D:8      | Noticed a five-headed hydra
  6937 | D:8      | Slain by a fire elemental

Illustrated notes

Levels and vault maps discovered:
D:1:      minmay_arrival_four_loops, layout_basic, ebering_ecumenical_altar_webs
D:2:      layout_loops_ring, basic_altar
D:3:      layout_basic, led_xom_imps, slow_altar_1
D:4:      due_chaos_kobolds, layout_loops_corners, pf_just_have_faith,
          minmay_temple_entry_statues_fountains
D:5:      layout_loops_ring
D:6:      layout_basic, uniq_sigmund
D:7:      layout_basic, uniq_pikel
D:8:      minmay_slanted_spiral_squares, layout_basic,
          mainiacjoe_overflow_alcove_1, grunt_dithmenos_smoke_and_mirrors,
          serial_shops, shop

Skill      XL: |  1  2  3  4  5  6  7  8  9 10 |
---------------+-------------------------------+-----
Dodging        | 3 4 5 6 |  6.0
Polearms       | 5 6 7 9 11 13 14 | 14.0
Fighting       | 4 5 6 |  6.0
Throwing       | 2 4 5 |  5.2
Armour         | 2 3 4 |  4.2

Action                     |  1- 3 |  4- 6 |  7- 9 | 10-12 || total
---------------------------+-------+-------+-------+-------++-------
  Melee: Spear             |   141 |    11 |       |       ||   152
         Trident           |       |   113 |   121 |     4 ||   238
         Halberd           |       |       |   178 |    19 ||   197
         Punch             |       |       |     1 |       ||     1
  Throw: Dart              |       |       |     5 |       ||     5
         Stone             |       |       |     2 |       ||     2
 Invoke: Berserk           |     1 |       |     6 |     1 ||     8
         Trog's Hand       |     1 |       |     1 |       ||     2
    Use: Scroll            |       |    12 |     1 |       ||    13
 Armour: Ring mail         |    24 |       |       |       ||    24
         Scale mail        |       |    27 |    43 |       ||    70
         Chain mail        |       |       |    59 |    26 ||    85
  Dodge: Dodged            |    56 |    55 |   197 |    14 ||   322

Table legend: (Time is in decaauts)
 A = Elapsed time spent in this place.
 B = Non-inter-level travel time spent in this place.
 C = Inter-level travel time spent in this place.
 D = Time resting spent in this place.
 E = Time spent auto-exploring this place.
 F = Levels seen in this place.
 G = Mean time per level.
                   A        B        C        D        E       F      G
               +--------+--------+--------+--------+--------+-----+--------+
         Total |   6913 |   6670 |    243 |    315 |   5299 |   8 |  864.1 |
       Dungeon |   6913 |   6670 |    243 |    315 |   5299 |   8 |  864.1 |
               +--------+--------+--------+--------+--------+-----+--------+

Top non-repeatable levels by time:
     D:8: 1086 daAuts
     D:6: 1065 daAuts
     D:7: 985 daAuts
     D:1: 935 daAuts
     D:4: 906 daAuts
     D:5: 699 daAuts
     D:2: 642 daAuts
     D:3: 591 daAuts
